 Dungeon Crawl Stone Soup version 0.22.1-2-g9c5b331 (webtiles) character file.

92 BDPvPro the Poker (level 4, 0/34 HPs)
             Began as a Demonspawn Gladiator on Nov 24, 2018.
             Slain by an ogre
             ... wielding a +0 giant club
              (4 damage)
             ... while paralysed by Grinder
             ... on level 3 of the Dungeon.
             The game lasted 00:07:34 (2070 turns).

BDPvPro the Poker (Demonspawn Gladiator)            Turns: 2070, Time: 00:07:37

Health: 0/34       AC:  7    Str: 14    XL:     4   Next: 35%
Magic:  4/4        EV:  2    Int: 10    God:
Gold:   86         SH:  0    Dex: 15    Spells: 3/3 levels left

rFire    . . .     SeeInvis .   j - +5 club
rCold    . . .     Gourm    .   (no shield)
rNeg     . . .     Faith    .   e - +0 scale mail
rPois    .         Spirit   .   c - +0 helmet
rElec    .         Reflect  .   (no cloak)
rCorr    .         Harm     .   (no gloves)
MR       .....                  (no boots)
Stlth    ..........             (no amulet)
HPRegen  0.11/turn              (no ring)
MPRegen  0.09/turn              (no ring)

@: paralysed
A: claws 1, powered by death 1
a: no special abilities


You were on level 3 of the Dungeon.
You were not hungry.

You visited 1 branch of the dungeon, and saw 3 of its levels.

You collected 86 gold pieces.

Inventory:

Hand Weapons
 a - a +0 trident
 j - a +5 club (weapon)
Missiles
 d - a throwing net (quivered)
Armour
 c - a +0 helmet (worn)
 e - a +0 scale mail (worn)
Wands
 i - a wand of iceblast (6)
Scrolls
 h - a scroll of remove curse
Potions
 g - 2 potions of curing
Comestibles
 b - 5 chunks of flesh
 f - 5 rations


   Skills:
 + Level 2.5 Fighting
 - Level 3.7 Polearms
 + Level 1.8 Throwing
 + Level 1.1 Armour
 + Level 3.1 Dodging
 + Level 0.2 Stealth


You had 3 spell levels left.
You didn't know any spells.
Your spell library was empty.

Dungeon Overview and Level Annotations

Branches:
Dungeon (3/15)

Altars:

Annotations:
D:3 Grinder


Innate Abilities, Weirdness & Mutations

You have sharp fingernails.
You regenerate a little health from kills.


Message History

You hit Grinder.
Grinder is moderately wounded.
The bat barely misses you. Grinder gestures at you.
You suddenly lose the ability to move!
The ogre struggles against the net.
The bat hits you but does no damage.
Grinder says, "I used to sell toenails on the black market."
Grinder hits you.
The ogre struggles against the net.
The bat hits you but does no damage.
Grinder grins, showing sharp teeth.
Grinder gestures at you. You resist with significant effort.
The ogre struggles against the net.
The net rips apart, and the ogre comes free!
The bat hits you but does no damage. Grinder hits you!
* * * LOW HITPOINT WARNING * * *
You writhe in agony.
* * * LOW HITPOINT WARNING * * *
The quokka bites you but does no damage.
The ogre hits you with a giant club.
You die...

........ #.. .........
#.. ......... ..
#....... #.#####
###....... #..$..
.........
#....########.......
#..r........#.......
###.5@........#....#..
#.....O.......#.......
#.....b..........#....
#..............#####..
#...#.................
#...#..........##.....
#...#.........รท.......
#####...........#.....
.............#.....


You could see Grinder, an ogre, a quokka and a bat.

Vanquished Creatures
  Ijyb (D:2)
  2 adders (D:2)
  3 worms (D:2)
  A leopard gecko (D:2)
  A giant cockroach (D:2)
  4 goblins
  5 hobgoblins
  8 kobolds
  A quokka (D:2)
  2 ball pythons (D:2)
  6 bats
  4 frilled lizards
  3 rats
41 creatures vanquished.

Notes
Turn   | Place    | Note
-------+----------+-------------------------------------------
     0 | D:1      | BDPvPro the Demonspawn Gladiator began the quest for the
                  | Orb.
     0 | D:1      | Reached XP level 1. HP: 16/16 MP: 1/1
   296 | D:1      | Gained mutation: You regenerate a little health from kills.
                  | [demonic ancestry]
   296 | D:1      | Reached XP level 2. HP: 19/22 MP: 2/2
  1040 | D:2      | Gained mutation: You have sharp fingernails. [demonic
                  | ancestry]
  1040 | D:2      | Reached XP level 3. HP: 24/27 MP: 3/3
  1826 | D:3      | Noticed Ijyb
  1846 | D:2      | Killed Ijyb
  1846 | D:2      | Reached skill level 1 in Armour
  1846 | D:2      | Reached XP level 4. HP: 15/34 MP: 4/4
  2044 | D:3      | Noticed an ogre
  2061 | D:3      | Noticed Grinder
  2067 | D:3      | Paralysed by Grinder for 5 turns
  2070 | D:3      | Slain by an ogre

Skill      XL: |  1  2  3 |
---------------+----------+-----
Dodging        | 3 |  3.1
Polearms       | 3 |  3.7
Armour         | 1 |  1.1
Fighting       | |  2.5
Throwing       | |  1.8
Stealth        | |  0.2

Action                   |  1- 3 |  4- 6 || total
-------------------------+-------+-------++-------
Melee: Trident           |   134 |     3 ||   137
       Club              |       |     6 ||     6
Throw: Throwing net      |       |     2 ||     2
Evoke: Wand              |       |     1 ||     1
  Use: Scroll            |     4 |       ||     4
       Potion            |     1 |       ||     1
  Eat: Chunk             |     3 |     1 ||     4
Armor: Leather armour    |     4 |       ||     4
       Scale mail        |    74 |    10 ||    84
Dodge: Dodged            |    69 |    21 ||    90
